 Dungeon Crawl Stone Soup version 0.24-a0-446-g87df7205b4 (webtiles) character file.

Game seed: 14808099938513245856

116 Jyms the Ogre Mage (level 5, -3/45 HPs)
             Began as an Ogre Wizard on June 23, 2019.
             Killed by nerve-wracking pain
             ... invoked by Grinder
              (14 damage)
             ... on level 3 of the Dungeon.
             The game lasted 00:39:46 (3870 turns).

Jyms the Ogre Mage (Ogre Wizard)                    Turns: 3870, Time: 00:39:47

Health: -3/45      AC:  4    Str: 11    XL:     5   Next: 1%
Magic:  2/11       EV: 10    Int: 19    God:
Gold:   88         SH:  5    Dex:  8    Spells: 3/12 levels left

rFire    . . .     SeeInvis .   e - +0 short sword
rCold    . . .     Gourm    .   (no shield)
rNeg     . . .     Faith    .   a - +0 robe
rPois    .         Spirit   .   b - +0 hat
rElec    .         Reflect  +   f - +0 cloak
rCorr    .         Harm     .   (gloves unavailable)
MR       .....                  (boots unavailable)
Stlth    +.........             o - +5 amulet of reflection (curse)
HPRegen  0.15/turn              (no ring)
MPRegen  0.12/turn              (no ring)

@: no status effects
A: large, unfitting armour, tough skin 1
a: no special abilities


You were on level 3 of the Dungeon.
You were not hungry.

You visited 1 branch of the dungeon, and saw 3 of its levels.

You collected 88 gold pieces.

Inventory:

Hand Weapons
 e - a +0 short sword (weapon)
 k - a +0 hunting sling
 p - a +0 spear
Missiles
 c - 74 stones (quivered)
 n - 17 poisoned darts
Armour
 a - a +0 robe (worn)
 b - a +0 hat (worn)
 f - a +0 cloak (worn)
 l - a cursed +0 leather armour
 r - a cursed +0 pair of gloves
Jewellery
 o - a cursed +5 amulet of reflection (around neck)
 s - a cursed ring of attention {unknown}
Comestibles
 d - 3 rations


   Skills:
 - Level 1.7 Dodging
 - Level 1.4 Stealth
 * Level 4.3 Spellcasting
 + Level 2.7 Conjurations
 - Level 2.0 Summonings
   Level 0.8 Translocations
 - Level 1.0 Air Magic
 * Level 0.3 Poison Magic


You had 3 spell levels left.
You knew the following spells:

 Your Spells              Type           Power        Failure   Level  Hunger
a - Magic Dart            Conj           ##..         4%          1    None
b - Call Imp              Summ           ##......     9%          2    #......
c - Conjure Flame         Conj/Fire      #.......     22%         3    ###....
d - Mephitic Cloud        Conj/Pois/Air  #.......     22%         3    ###....

Your spell library contained the following spells:

 Spells                   Type           Power        Failure   Level  Hunger
 Blink                    Tloc           N/A          14%         2    #......
 Slow                     Hex            #.......     21%         2    #......


Dungeon Overview and Level Annotations

Branches:
Dungeon (3/15)

Altars:
Nemelex Xobeh
Qazlal

Annotations:
D:2 Natasha
D:3 Grinder


Innate Abilities, Weirdness & Mutations

You are too large for most types of armour.
You have tough skin. (AC +1)


Message History

Grinder completely resists.
Grinder blinks!
Casting: Mephitic Cloud (safe; 22% risk of failure)
Confirm with . or Enter, or press ? or * to list all spells.
Aiming: Magic Dart (safe; 4% risk of failure)
Press: ? - help, Shift-Dir - straight line, f - Grinder
Aim: Grinder (moderately wounded)
The magic dart hits Grinder but does no damage.
Grinder is moderately wounded.
Your white imp gestures at Grinder.
The puff of frost hits Grinder.
Grinder resists.
Your white imp gestures at Grinder.
The puff of frost hits Grinder.
Grinder resists.
Your white imp gestures at Grinder.
The puff of frost hits Grinder.
Grinder resists.
Grinder gestures at you. Pain shoots through your body!
* * * LOW HITPOINT WARNING * * *
Grinder gestures at you. Pain shoots through your body!
You die...

#....5......≈≈≈≈...≈.....
#..#.####....≈.≈.......#.
##...# #.5.............#
##..#####5.w...##.####..
##..........(.##.## #
##..#............###
#....#.....#......###
###).##....###..<...#
########.@.#.#[..####.#...
#............##.... ......
#.............##.###.#....
#..........#.>##.##......>
#...................#.....
#####..####.#...#.........
#........[...#.##.....
####......###.#..........
#.......#.# #.##(#.......


You could see Grinder and a friendly white imp.

Vanquished Creatures
  2 adders
  A river rat (D:3)
  2 dart slugs
  2 leopard geckos
  3 ball pythons (D:1)
  4 giant cockroaches
  4 goblins
  12 hobgoblins
  3 bats
  3 frilled lizards
  5 kobolds
  4 rats
45 creatures vanquished.

Vanquished Creatures (collateral kills)
  3 adders
  2 worms (D:2)
  2 dart slugs
  A giant cockroach (D:3)
  A goblin (D:3)
  2 hobgoblins
  3 kobolds
14 creatures vanquished.

Grand Total: 59 creatures vanquished

Notes
Turn   | Place    | Note
-------+----------+-------------------------------------------
     0 | D:1      | Jyms the Ogre Wizard began the quest for the Orb.
     0 | D:1      | Reached XP level 1. HP: 16/16 MP: 5/5
    85 | D:1      | Reached skill level 1 in Conjurations
   452 | D:1      | Reached XP level 2. HP: 16/24 MP: 1/6
   555 | D:1      | Learned a level 2 spell: Call Imp
   695 | D:1      | Reached skill level 1 in Summonings
  1464 | D:1      | Reached XP level 3. HP: 31/31 MP: 5/8
  1495 | D:1      | Learned a level 3 spell: Conjure Flame
  1499 | D:1      | Learned a level 3 spell: Mephitic Cloud
  2375 | D:2      | Reached skill level 4 in Spellcasting
  2501 | D:2      | Reached XP level 4. HP: 39/39 MP: 6/10
  2941 | D:2      | Found a sparkling altar of Nemelex Xobeh.
  2942 | D:2      | Noticed Natasha
  2997 | D:3      | Noticed Grinder
  3113 | D:3      | Reached skill level 1 in Air Magic
  3553 | D:3      | Found a stormy altar of Qazlal.
  3647 | D:3      | Reached XP level 5. HP: 20/45 MP: 0/11
  3870 | D:3      | Killed from afar by Grinder

Levels and vault maps discovered:
D:1:      dpeg_arrival_stone_temple_mockup, layout_loops_ring
D:2:      layout_basic, nemelex_xobeh_ov_fountains_minmay, minmay_hexomino_f4,
          uniq_natasha
D:3:      cheibrodos_helix_gallery, layout_rooms,
          nicolae_qazlal_general_emergency, lightli_sewer_entry_pipes,
          minmay_cut_off, uniq_grinder

Skill      XL: |  1  2  3  4 |
---------------+-------------+-----
Conjurations   | 1 2 |  2.7
Summonings     | 1 2 |  2.0
Spellcasting   | 4 |  4.3
Air Magic      | 1 |  1.0
Dodging        | |  1.7
Stealth        | |  1.4
Translocations | |  0.8
Poison Magic   | |  0.3

Action                   |  1- 3 |  4- 6 || total
-------------------------+-------+-------++-------
Melee: Short sword       |    12 |     2 ||    14
Throw: Stone             |     5 |       ||     5
 Cast: Magic Dart        |    90 |    69 ||   159
       Call Imp          |     5 |     9 ||    14
       Mephitic Cloud    |       |     1 ||     1
  Use: Scroll            |       |     8 ||     8
  Eat: Ration            |     1 |     1 ||     2
       Chunk             |     1 |     2 ||     3
Armor: Robe              |    29 |     8 ||    37
Dodge: Dodged            |    42 |    32 ||    74

Table legend:
 A = Non-vault XP
 B = Vault XP
 C = Vault XP percentage of total XP
 D = Non-vault monster count
 E = Vault monster count
 F = Vault count percentage of total count
                 A         B        C        D         E       F
            +---------+---------+-------+---------+---------+-------
      Total |     133 |      34 |  20.4 |      52 |       7 |  11.9
            +---------+---------+-------+---------+---------+-------
        D:1 |      52 |       0 |   0.0 |      24 |       0 |   0.0
        D:2 |      60 |       8 |  11.8 |      19 |       3 |  13.6
        D:3 |      21 |      26 |  55.3 |       9 |       4 |  30.8
            +---------+---------+-------+---------+---------+-------
